General information
			
			
        
        - name: BNet
 
        - type: Ladder team game (AT/RT)
 
        - host: Battle.net
 
        - saver: SPOOON
 
        
map: Monsoon 
        - players: 6
 
        - length: 81:45
 
        - speed: Fast
 - version: 1.22 W3XP
 - replay type:  Public
 
» download(579 KB)
Players
        team 1 (winner) 
              
              
kunt.roII (
orange | 104 APM | 8531 actions | 81:43)
              
 8 Archmage 
 3 Blizzard
 3 Brilliance Aura
 1 Mass Teleport
 1 Summon Water Elemental
 7 Naga Sea Witch 
 3 Frost Arrows
 3 Forked Lightning
 1 Tornado
 7 Blood Mage 
 3 Flame Strike
 3 Banish
 1 Summon Phoenix
 
                » actions 
                
                | Assign group hotkey | 87 |  | 
| Basic commands | 122 |  | 
| Build / train | 181 |  | 
| ESC pressed | 4 |  | 
| Enter build submenu | 116 |  | 
| Enter hero's abilities submenu | 24 |  | 
| Give item / drop item | 15 |  | 
| Right click | 3465 |  | 
| Select / deselect | 644 |  | 
| Select group hotkey | 3259 |  | 
| Use ability | 614 |  | 
                8531 total
 » units 
                
                | Peasant | 19 |  | 
| Sorceress | 2 |  | 
| Dragonhawk Rider | 26 |  | 
| Priest | 3 |  | 
| Gryphon Rider | 12 |  | 
                62 total
 » upgrades
                
                | Masonry | 3 |  | 
| Lumber Harvesting | 2 |  | 
| Magic Sentry | 1 |  | 
| Priest Training | 2 |  | 
| Sorceress Training | 2 |  | 
| Cloud | 1 |  | 
| Armor | 3 |  | 
| Animal War Training | 1 |  | 
| Swords | 3 |  | 
| Gunpowder | 1 |  | 
| Storm Hammers | 1 |  | 
                20 total
 » buildings
                
                | Altar of Kings | 1 |  | 
| Farm | 15 |  | 
| Lumber Mill | 1 |  | 
| Scout Tower | 105 |  | 
| Arcane Tower | 6 |  | 
| Guard Tower | 40 |  | 
| Keep | 2 |  | 
| Town Hall | 1 |  | 
| Castle | 2 |  | 
| Arcane Sanctum | 1 |  | 
| Gryphon Aviary | 2 |  | 
| Arcane Vault | 2 |  | 
| Barracks | 2 |  | 
| Blacksmith | 1 |  | 
                181 total
 » build order
                00:11 Altar of Kings
00:21 Farm
00:59 Farm
01:04 Farm
01:08 Lumber Mill
01:13 Scout Tower
01:31 Scout Tower
01:43 Arcane Tower
01:57 Scout Tower
02:06 Arcane Tower
02:08 Scout Tower
02:30 Scout Tower
02:48 Scout Tower
02:49 Guard Tower
03:02 Scout Tower
03:05 Farm
03:27 Guard Tower
03:29 Guard Tower
03:33 Scout Tower
04:47 Keep
04:50 Arcane Tower
04:57 Guard Tower
05:01 Scout Tower
05:04 Scout Tower
06:45 Town Hall
06:56 Guard Tower
06:59 Scout Tower
07:01 Scout Tower
07:02 Scout Tower
07:03 Scout Tower
07:53 Castle
07:54 Castle
09:32 Scout Tower
09:33 Scout Tower
09:35 Scout Tower
09:38 Scout Tower
09:42 Guard Tower
09:51 Scout Tower
09:52 Scout Tower
09:53 Scout Tower
10:18 Guard Tower
11:55 Guard Tower
11:56 Arcane Sanctum
12:29 Gryphon Aviary
12:32 Arcane Vault
12:34 Arcane Vault
12:38 Scout Tower
12:39 Scout Tower
13:43 Scout Tower
13:44 Scout Tower
13:45 Scout Tower
13:46 Scout Tower
13:47 Scout Tower
13:55 Arcane Tower
14:36 Scout Tower
14:37 Scout Tower
14:37 Scout Tower
14:38 Guard Tower
15:06 Scout Tower
15:06 Scout Tower
15:19 Guard Tower
16:13 Scout Tower
16:15 Scout Tower
16:16 Guard Tower
16:16 Guard Tower
17:13 Farm
17:15 Farm
17:16 Farm
17:21 Guard Tower
18:30 Scout Tower
18:31 Scout Tower
18:32 Scout Tower
18:33 Scout Tower
18:33 Scout Tower
18:38 Barracks
18:39 Blacksmith
18:41 Barracks
19:44 Guard Tower
19:46 Scout Tower
19:46 Scout Tower
20:42 Scout Tower
20:43 Scout Tower
20:44 Scout Tower
20:45 Scout Tower
20:46 Guard Tower
21:59 Guard Tower
22:00 Guard Tower
22:14 Scout Tower
22:14 Scout Tower
22:15 Scout Tower
22:16 Scout Tower
22:17 Scout Tower
22:18 Scout Tower
22:44 Guard Tower
24:04 Guard Tower
24:05 Guard Tower
25:08 Scout Tower
25:08 Scout Tower
25:09 Scout Tower
26:26 Guard Tower
26:27 Scout Tower
26:28 Scout Tower
26:29 Scout Tower
26:32 Scout Tower
26:33 Scout Tower
26:34 Scout Tower
26:35 Scout Tower
26:38 Scout Tower
27:17 Guard Tower
27:17 Guard Tower
28:18 Guard Tower
28:19 Guard Tower
28:23 Scout Tower
28:26 Scout Tower
28:27 Scout Tower
28:28 Scout Tower
28:29 Scout Tower
28:55 Arcane Tower
29:00 Scout Tower
29:01 Scout Tower
29:11 Guard Tower
29:11 Guard Tower
29:50 Guard Tower
30:46 Guard Tower
30:47 Guard Tower
31:01 Scout Tower
31:02 Scout Tower
31:36 Guard Tower
31:41 Scout Tower
31:42 Scout Tower
31:49 Scout Tower
31:52 Scout Tower
31:57 Scout Tower
31:58 Scout Tower
31:58 Scout Tower
32:00 Scout Tower
35:17 Arcane Tower
36:02 Farm
36:02 Farm
36:03 Farm
36:03 Farm
37:33 Scout Tower
37:34 Scout Tower
37:35 Scout Tower
37:36 Scout Tower
37:37 Scout Tower
37:37 Scout Tower
37:42 Scout Tower
38:21 Guard Tower
39:09 Scout Tower
39:11 Scout Tower
39:13 Scout Tower
39:16 Scout Tower
39:38 Guard Tower
39:38 Guard Tower
39:41 Scout Tower
39:41 Scout Tower
39:44 Scout Tower
39:45 Scout Tower
40:04 Guard Tower
40:06 Scout Tower
40:07 Scout Tower
40:09 Scout Tower
40:10 Scout Tower
40:10 Scout Tower
40:11 Scout Tower
40:43 Guard Tower
41:50 Scout Tower
41:53 Guard Tower
41:56 Scout Tower
41:58 Scout Tower
41:59 Scout Tower
43:00 Guard Tower
43:00 Guard Tower
45:08 Farm
45:08 Farm
45:09 Farm
45:10 Farm
65:20 Gryphon Aviary
» items
                
                | Staff of Teleportation | 3 |  | 
| Boots of Speed | 3 |  | 
| Circlet of Nobility | 5 |  | 
| Potion of Invisibility | 2 |  | 
| Healing Salve | 2 |  | 
| Lesser Clarity Potion | 1 |  | 
| Staff of Sanctuary | 3 |  | 
| Orb of Lightning | 2 |  | 
| Scroll of Town Portal | 1 |  | 
                22 total
  
               
              
              
MrFrosty (
purple | 85 APM | 6944 actions | 81:43)
              
 9 Mountain King 
 3 Storm Bolt
 3 Bash
 1 Avatar
 2 Thunder Clap
 7 Paladin 
 3 Holy Light
 3 Divine Shield
 1 Devotion Aura
 
                » actions 
                
                | Assign group hotkey | 42 |  | 
| Basic commands | 240 |  | 
| Build / train | 165 |  | 
| ESC pressed | 2 |  | 
| Enter build submenu | 98 |  | 
| Enter hero's abilities submenu | 17 |  | 
| Give item / drop item | 11 |  | 
| Right click | 3682 |  | 
| Select / deselect | 830 |  | 
| Select group hotkey | 1399 |  | 
| Use ability | 458 |  | 
                6944 total
 » units 
                
                | Peasant | 18 |  | 
| Sorceress | 2 |  | 
| Priest | 2 |  | 
| Dragonhawk Rider | 4 |  | 
| Mortar Team | 6 |  | 
| Flying Machine | 9 |  | 
                41 total
 » upgrades
                
                | Masonry | 3 |  | 
| Lumber Harvesting | 2 |  | 
| Magic Sentry | 1 |  | 
| Sorceress Training | 2 |  | 
| Priest Training | 2 |  | 
| Cloud | 1 |  | 
| Animal War Training | 1 |  | 
| Armor | 3 |  | 
| Swords | 1 |  | 
| Fragmentation Shards | 1 |  | 
| Flare | 1 |  | 
| Gunpowder | 3 |  | 
| Flak Cannons | 1 |  | 
| Plating | 2 |  | 
                24 total
 » buildings
                
                | Altar of Kings | 1 |  | 
| Farm | 13 |  | 
| Scout Tower | 97 |  | 
| Arcane Tower | 12 |  | 
| Lumber Mill | 1 |  | 
| Guard Tower | 45 |  | 
| Arcane Vault | 1 |  | 
| Keep | 1 |  | 
| Town Hall | 1 |  | 
| Arcane Sanctum | 1 |  | 
| Castle | 1 |  | 
| Gryphon Aviary | 1 |  | 
| Barracks | 1 |  | 
| Blacksmith | 1 |  | 
| Workshop | 3 |  | 
                180 total
 » build order
                00:09 Altar of Kings
00:20 Farm
00:32 Scout Tower
00:59 Arcane Tower
01:26 Scout Tower
01:32 Farm
01:55 Lumber Mill
02:06 Arcane Tower
02:17 Scout Tower
03:14 Scout Tower
03:15 Arcane Tower
03:47 Guard Tower
03:49 Scout Tower
03:51 Scout Tower
04:26 Guard Tower
04:59 Guard Tower
05:00 Scout Tower
05:56 Guard Tower
05:59 Scout Tower
06:42 Guard Tower
06:44 Arcane Vault
06:46 Keep
06:51 Scout Tower
07:06 Town Hall
07:14 Scout Tower
07:53 Arcane Tower
08:08 Guard Tower
08:10 Scout Tower
08:12 Scout Tower
08:15 Farm
08:42 Guard Tower
08:43 Scout Tower
08:43 Scout Tower
09:37 Scout Tower
09:39 Scout Tower
09:40 Scout Tower
09:43 Arcane Tower
09:44 Guard Tower
09:59 Arcane Sanctum
10:11 Guard Tower
10:47 Scout Tower
11:31 Guard Tower
11:45 Scout Tower
11:46 Scout Tower
11:48 Scout Tower
11:52 Guard Tower
11:53 Scout Tower
11:54 Scout Tower
11:57 Scout Tower
11:58 Scout Tower
11:58 Scout Tower
12:05 Castle
12:50 Arcane Tower
12:51 Guard Tower
13:46 Arcane Tower
13:47 Guard Tower
15:08 Scout Tower
15:10 Scout Tower
15:10 Scout Tower
15:13 Scout Tower
15:15 Scout Tower
16:12 Scout Tower
16:14 Scout Tower
16:28 Gryphon Aviary
16:30 Farm
16:33 Farm
16:36 Barracks
16:40 Blacksmith
17:13 Arcane Tower
17:16 Arcane Tower
17:20 Guard Tower
17:25 Arcane Tower
17:27 Scout Tower
17:29 Scout Tower
17:29 Scout Tower
17:30 Scout Tower
17:33 Guard Tower
18:55 Guard Tower
19:45 Guard Tower
20:53 Scout Tower
20:56 Scout Tower
20:57 Scout Tower
20:59 Scout Tower
21:04 Scout Tower
21:05 Scout Tower
21:05 Scout Tower
21:09 Scout Tower
21:12 Scout Tower
21:38 Arcane Tower
21:39 Guard Tower
21:44 Arcane Tower
22:18 Guard Tower
22:21 Guard Tower
23:25 Scout Tower
23:26 Scout Tower
23:27 Scout Tower
23:30 Scout Tower
23:32 Scout Tower
23:32 Scout Tower
24:06 Guard Tower
24:23 Guard Tower
24:28 Scout Tower
24:29 Scout Tower
24:30 Scout Tower
24:33 Guard Tower
25:19 Guard Tower
25:28 Guard Tower
26:02 Scout Tower
26:34 Scout Tower
26:36 Guard Tower
27:19 Guard Tower
27:23 Scout Tower
27:29 Scout Tower
27:30 Scout Tower
27:31 Scout Tower
28:17 Guard Tower
28:23 Guard Tower
28:25 Scout Tower
28:28 Scout Tower
28:56 Guard Tower
29:00 Scout Tower
29:01 Scout Tower
29:30 Guard Tower
29:43 Scout Tower
29:44 Scout Tower
29:45 Scout Tower
29:46 Scout Tower
31:38 Guard Tower
32:13 Scout Tower
32:15 Scout Tower
33:53 Guard Tower
34:24 Scout Tower
34:25 Scout Tower
34:26 Scout Tower
34:30 Scout Tower
34:31 Scout Tower
35:00 Guard Tower
35:03 Scout Tower
35:06 Scout Tower
35:09 Scout Tower
35:10 Scout Tower
35:34 Guard Tower
35:43 Scout Tower
35:44 Scout Tower
35:48 Guard Tower
35:50 Scout Tower
35:55 Farm
35:56 Farm
35:58 Farm
35:58 Farm
35:59 Farm
36:18 Guard Tower
36:20 Guard Tower
36:24 Scout Tower
36:25 Scout Tower
36:44 Guard Tower
37:04 Guard Tower
37:07 Scout Tower
37:07 Scout Tower
37:08 Scout Tower
37:11 Scout Tower
37:44 Guard Tower
37:56 Guard Tower
38:06 Guard Tower
38:27 Guard Tower
40:36 Scout Tower
40:37 Scout Tower
40:38 Scout Tower
40:38 Scout Tower
40:42 Scout Tower
40:43 Scout Tower
40:48 Scout Tower
40:50 Scout Tower
42:02 Guard Tower
64:30 Workshop
64:32 Workshop
65:42 Workshop
67:31 Farm
67:32 Farm
67:32 Farm
» items
                
                | Staff of Teleportation | 2 |  | 
| Boots of Speed | 2 |  | 
| Healing Salve | 2 |  | 
| Lesser Clarity Potion | 11 |  | 
| Potion of Lesser Invulnerability | 1 |  | 
| Orb of Lightning | 2 |  | 
| Staff of Sanctuary | 2 |  | 
| Scroll of Town Portal | 1 |  | 
                23 total
  
               
              
              
SPOOON (
pink | 90 APM | 7355 actions | 81:45)
              
 9 Blademaster 
 3 Wind Walk
 3 Critical Strike
 1 Bladestorm
 2 Mirror Image
 
                » actions 
                
                | Assign group hotkey | 41 |  | 
| Basic commands | 159 |  | 
| Build / train | 106 |  | 
| ESC pressed | 1 |  | 
| Enter build submenu | 89 |  | 
| Enter hero's abilities submenu | 10 |  | 
| Give item / drop item | 20 |  | 
| Right click | 3197 |  | 
| Select / deselect | 647 |  | 
| Select group hotkey | 2788 |  | 
| Use ability | 292 |  | 
                7355 total
 » units 
                » upgrades
                
                | Ranged Weapons | 3 |  | 
| Liquid Fire | 1 |  | 
| Reinforced Defenses | 1 |  | 
| Armor | 3 |  | 
| Spiked Barricades | 2 |  | 
| Troll Regeneration | 1 |  | 
                11 total
 » buildings
                
                | Altar of Storms | 1 |  | 
| Orc Burrow | 5 |  | 
| War Mill | 1 |  | 
| Watch Tower | 72 |  | 
| Voodoo Lounge | 3 |  | 
| Stronghold | 1 |  | 
| Fortress | 1 |  | 
| Beastiary | 2 |  | 
| Barracks | 1 |  | 
                87 total
 » build order
                00:04 Altar of Storms
00:18 Orc Burrow
00:35 War Mill
01:26 Orc Burrow
01:54 Watch Tower
02:24 Watch Tower
03:12 Watch Tower
03:26 Voodoo Lounge
03:47 Watch Tower
04:15 Watch Tower
04:24 Stronghold
05:09 Watch Tower
05:28 Watch Tower
06:34 Watch Tower
06:39 Watch Tower
06:47 Fortress
07:04 Beastiary
07:09 Beastiary
07:17 Orc Burrow
07:21 Orc Burrow
08:45 Voodoo Lounge
08:51 Watch Tower
08:53 Watch Tower
11:51 Voodoo Lounge
13:03 Watch Tower
13:06 Watch Tower
13:18 Watch Tower
15:11 Watch Tower
15:16 Watch Tower
15:23 Watch Tower
15:43 Watch Tower
15:47 Watch Tower
16:24 Orc Burrow
16:29 Watch Tower
16:32 Watch Tower
16:42 Watch Tower
16:45 Watch Tower
17:38 Watch Tower
17:42 Watch Tower
19:54 Watch Tower
19:55 Watch Tower
19:57 Watch Tower
19:58 Watch Tower
22:10 Watch Tower
22:12 Watch Tower
22:26 Watch Tower
22:50 Watch Tower
23:40 Watch Tower
23:42 Watch Tower
24:28 Watch Tower
28:17 Watch Tower
28:19 Watch Tower
28:20 Watch Tower
28:44 Watch Tower
29:56 Watch Tower
30:52 Watch Tower
30:54 Watch Tower
31:37 Watch Tower
32:28 Watch Tower
32:29 Watch Tower
34:33 Barracks
34:37 Watch Tower
34:41 Watch Tower
35:03 Watch Tower
35:04 Watch Tower
35:49 Watch Tower
35:54 Watch Tower
36:10 Watch Tower
36:12 Watch Tower
36:20 Watch Tower
36:23 Watch Tower
36:38 Watch Tower
37:06 Watch Tower
37:09 Watch Tower
37:19 Watch Tower
37:22 Watch Tower
37:25 Watch Tower
37:28 Watch Tower
37:38 Watch Tower
37:39 Watch Tower
40:27 Watch Tower
40:34 Watch Tower
65:38 Watch Tower
65:43 Watch Tower
65:44 Watch Tower
65:45 Watch Tower
65:47 Watch Tower
» items
                
                | Healing Salve | 5 |  | 
| Lesser Clarity Potion | 10 |  | 
| Scroll of Speed | 2 |  | 
| Staff of Teleportation | 1 |  | 
| Boots of Speed | 1 |  | 
| Orb of Lightning | 2 |  | 
| Tiny Great Hall | 1 |  | 
| Potion of Healing | 1 |  | 
| Periapt of Vitality | 2 |  | 
                25 total
  
               team 2 (loser) 
              
              
BIizzardRep (
green | 83 APM | 6786 actions | 81:43)
              
 5 Demon Hunter 
 3 Mana Burn
 2 Evasion
 5 Pandaren Brewmaster 
 3 Breath of Fire
 2 Drunken Haze
 7 Naga Sea Witch 
 3 Frost Arrows
 3 Forked Lightning
 1 Tornado
 
                » actions 
                
                | Assign group hotkey | 61 |  | 
| Basic commands | 268 |  | 
| Build / train | 177 |  | 
| ESC pressed | 7 |  | 
| Enter build submenu | 59 |  | 
| Enter hero's abilities submenu | 17 |  | 
| Give item / drop item | 12 |  | 
| Right click | 2811 |  | 
| Select / deselect | 1629 |  | 
| Select group hotkey | 1368 |  | 
| Use ability | 377 |  | 
                6786 total
 » units 
                
                | Wisp | 54 |  | 
| Archer | 6 |  | 
| Hippogryph | 5 |  | 
| Chimaera | 14 |  | 
| Druid of the Claw | 5 |  | 
| Dryad | 3 |  | 
| Druid of the Talon | 6 |  | 
| Gryphon Rider | 5 |  | 
                98 total
 » upgrades
                
                | Reinforced Hides | 3 |  | 
| Strength of the Wild | 3 |  | 
| Druid of the Claw Training | 2 |  | 
| Well Spring | 1 |  | 
| Corrosive Breath | 1 |  | 
| Nature's Blessing | 1 |  | 
| Abolish Magic | 1 |  | 
| Druid of the Talon Training | 2 |  | 
| Mark of the Claw | 1 |  | 
| Ultravision | 1 |  | 
| Mark of the Talon | 1 |  | 
| Gunpowder | 1 |  | 
| Armor | 1 |  | 
                19 total
 » buildings
                
                | Altar of Elders | 1 |  | 
| Moon Well | 8 |  | 
| Ancient of War | 1 |  | 
| Tree of Ages | 1 |  | 
| Tree of Life | 4 |  | 
| Hunter's Hall | 1 |  | 
| Tree of Eternity | 1 |  | 
| Ancient of Wind | 4 |  | 
| Ancient of Wonders | 3 |  | 
| Chimaera Roost | 3 |  | 
| Ancient of Lore | 2 |  | 
| Ancient Protector | 23 |  | 
| Blacksmith | 1 |  | 
| Farm | 5 |  | 
| Keep | 2 |  | 
                60 total
 » build order
                00:06 Altar of Elders
00:18 Moon Well
00:38 Ancient of War
01:34 Moon Well
03:05 Moon Well
03:09 Tree of Ages
03:43 Tree of Life
03:45 Tree of Life
04:30 Moon Well
05:54 Hunter's Hall
06:37 Moon Well
07:01 Tree of Eternity
07:05 Ancient of Wind
08:22 Ancient of Wonders
08:24 Ancient of Wind
09:32 Chimaera Roost
09:33 Chimaera Roost
11:31 Ancient of Lore
11:55 Moon Well
13:22 Tree of Life
13:29 Ancient of Lore
13:48 Moon Well
15:26 Moon Well
17:13 Ancient Protector
17:15 Ancient Protector
17:18 Ancient Protector
21:44 Tree of Life
24:43 Ancient of Wind
24:47 Ancient of Wind
29:24 Ancient of Wonders
29:29 Ancient of Wonders
64:34 Ancient Protector
64:42 Ancient Protector
64:43 Ancient Protector
64:43 Ancient Protector
64:44 Ancient Protector
64:52 Ancient Protector
64:57 Ancient Protector
64:59 Ancient Protector
65:00 Ancient Protector
65:01 Ancient Protector
65:05 Ancient Protector
65:07 Ancient Protector
65:11 Ancient Protector
65:15 Ancient Protector
65:18 Ancient Protector
65:23 Ancient Protector
65:55 Chimaera Roost
66:34 Ancient Protector
66:37 Ancient Protector
66:41 Ancient Protector
66:42 Ancient Protector
70:13 Blacksmith
76:09 Farm
76:09 Farm
76:15 Farm
76:17 Farm
76:26 Farm
77:25 Keep
77:26 Keep
» items
                
                | Circlet of Nobility | 2 |  | 
| Boots of Speed | 3 |  | 
| Orb of Venom | 2 |  | 
| Staff of Preservation | 2 |  | 
| Periapt of Vitality | 3 |  | 
| Dust of Appearance | 2 |  | 
| Scroll of Town Portal | 7 |  | 
| Potion of Mana | 2 |  | 
| Lesser Clarity Potion | 1 |  | 
| Scroll of Healing | 2 |  | 
                26 total
  
               
              
              
dHb[SeXy] (
blue | 106 APM | 6835 actions | 64:22)
              
 4 Death Knight 
 2 Death Coil
 2 Unholy Aura
 2 Lich 
 1 Frost Nova
 1 Frost Armor
 1 Pit Lord 
 1 Rain of Fire
 
                » actions 
                
                | Assign group hotkey | 39 |  | 
| Basic commands | 33 |  | 
| Build / train | 164 |  | 
| Enter build submenu | 66 |  | 
| Enter hero's abilities submenu | 7 |  | 
| Give item / drop item | 10 |  | 
| Right click | 3083 |  | 
| Select / deselect | 622 |  | 
| Select group hotkey | 2621 |  | 
| Use ability | 190 |  | 
                6835 total
 » units 
                
                | Acolyte | 22 |  | 
| Ghoul | 11 |  | 
| Crypt Fiend | 25 |  | 
| Frost Wyrm | 6 |  | 
| Obsidian Statue | 1 |  | 
                65 total
 » upgrades
                
                | Creature Attack | 3 |  | 
| Burrow | 1 |  | 
| Web | 1 |  | 
| Destroyer Form | 1 |  | 
| Freezing Breath | 1 |  | 
                7 total
 » buildings
                
                | Altar of Darkness | 1 |  | 
| Ziggurat | 55 |  | 
| Crypt | 2 |  | 
| Graveyard | 1 |  | 
| Tomb of Relics | 1 |  | 
| Halls of the Dead | 2 |  | 
| Black Citadel | 2 |  | 
| Sacrificial Pit | 1 |  | 
| Nerubian Tower | 11 |  | 
| Boneyard | 1 |  | 
| Slaughterhouse | 1 |  | 
| Spirit Tower | 29 |  | 
                107 total
 » build order
                00:08 Altar of Darkness
00:09 Ziggurat
00:33 Crypt
00:57 Graveyard
01:13 Tomb of Relics
01:30 Ziggurat
03:57 Halls of the Dead
03:57 Halls of the Dead
04:30 Ziggurat
06:33 Black Citadel
06:33 Black Citadel
06:36 Sacrificial Pit
06:56 Ziggurat
07:18 Nerubian Tower
07:18 Nerubian Tower
08:28 Ziggurat
09:01 Boneyard
11:27 Slaughterhouse
13:21 Ziggurat
14:43 Ziggurat
15:14 Ziggurat
18:12 Nerubian Tower
18:12 Nerubian Tower
20:07 Ziggurat
20:09 Ziggurat
22:13 Spirit Tower
22:13 Spirit Tower
22:15 Ziggurat
22:16 Ziggurat
22:19 Ziggurat
23:20 Spirit Tower
23:22 Spirit Tower
24:26 Spirit Tower
24:26 Spirit Tower
24:26 Spirit Tower
24:56 Spirit Tower
25:16 Spirit Tower
25:16 Spirit Tower
25:37 Ziggurat
25:38 Ziggurat
26:31 Spirit Tower
26:32 Spirit Tower
31:49 Ziggurat
31:52 Ziggurat
31:53 Ziggurat
31:54 Ziggurat
31:55 Ziggurat
31:57 Ziggurat
31:58 Ziggurat
32:02 Ziggurat
32:04 Ziggurat
32:05 Ziggurat
32:30 Ziggurat
32:32 Ziggurat
33:15 Spirit Tower
33:15 Spirit Tower
33:15 Spirit Tower
33:30 Ziggurat
34:05 Spirit Tower
34:05 Spirit Tower
34:13 Ziggurat
34:27 Ziggurat
34:33 Ziggurat
34:36 Ziggurat
34:40 Ziggurat
35:35 Spirit Tower
35:39 Ziggurat
36:50 Ziggurat
36:55 Ziggurat
37:12 Ziggurat
37:14 Ziggurat
37:17 Ziggurat
38:07 Spirit Tower
38:07 Spirit Tower
38:07 Spirit Tower
38:09 Spirit Tower
38:11 Spirit Tower
38:11 Spirit Tower
38:11 Spirit Tower
38:19 Nerubian Tower
38:19 Nerubian Tower
39:16 Ziggurat
39:18 Ziggurat
39:20 Ziggurat
39:23 Ziggurat
39:25 Ziggurat
39:27 Ziggurat
39:30 Ziggurat
39:31 Ziggurat
39:33 Ziggurat
39:33 Ziggurat
39:35 Ziggurat
40:25 Nerubian Tower
40:25 Nerubian Tower
40:25 Nerubian Tower
41:17 Spirit Tower
41:31 Ziggurat
41:33 Ziggurat
41:36 Ziggurat
41:38 Ziggurat
41:42 Ziggurat
42:47 Nerubian Tower
42:49 Spirit Tower
60:57 Crypt
» items
                
                | Rod of Necromancy | 3 |  | 
| Scroll of Town Portal | 2 |  | 
| Potion of Healing | 1 |  | 
| Dust of Appearance | 3 |  | 
| Orb of Corruption | 2 |  | 
| Potion of Lesser Invulnerability | 5 |  | 
| Staff of Teleportation | 1 |  | 
| Boots of Speed | 2 |  | 
| Sacrificial Skull | 2 |  | 
| Potion of Mana | 2 |  | 
                23 total
  
               
              
              
Saldaga (
teal | 56 APM | 3961 actions | 70:06)
              
 2 Archmage 
 1 Blizzard
 1 Brilliance Aura
 1 Blood Mage 
 1 Flame Strike
 1 Mountain King 
 1 Storm Bolt
 
                » actions 
                
                | Assign group hotkey | 76 |  | 
| Basic commands | 481 |  | 
| Build / train | 297 |  | 
| ESC pressed | 54 |  | 
| Enter build submenu | 142 |  | 
| Enter hero's abilities submenu | 4 |  | 
| Give item / drop item | 1 |  | 
| Right click | 1339 |  | 
| Select / deselect | 859 |  | 
| Select group hotkey | 462 |  | 
| Use ability | 246 |  | 
                3961 total
 » units 
                
                | Peasant | 89 |  | 
| Rifleman | 12 |  | 
| Mortar Team | 1 |  | 
| Siege Engine | 8 |  | 
| Flying Machine | 11 |  | 
| Dragonhawk Rider | 16 |  | 
                137 total
 » upgrades
                
                | Long Rifles | 1 |  | 
| Lumber Harvesting | 2 |  | 
| Magic Sentry | 1 |  | 
| Masonry | 3 |  | 
| Barrage | 1 |  | 
| Backpack | 1 |  | 
| Cloud | 1 |  | 
| Storm Hammers | 1 |  | 
| Gunpowder | 1 |  | 
| Armor | 1 |  | 
                13 total
 » buildings
                
                | Altar of Kings | 1 |  | 
| Farm | 12 |  | 
| Blacksmith | 1 |  | 
| Barracks | 2 |  | 
| Scout Tower | 114 |  | 
| Arcane Tower | 44 |  | 
| Lumber Mill | 1 |  | 
| Arcane Vault | 1 |  | 
| Keep | 4 |  | 
| Town Hall | 3 |  | 
| Workshop | 2 |  | 
| Guard Tower | 77 |  | 
| Castle | 3 |  | 
| Arcane Sanctum | 1 |  | 
| Gryphon Aviary | 3 |  | 
                269 total
 » build order
                00:06 Altar of Kings
00:33 Farm
00:41 Farm
01:20 Blacksmith
01:27 Barracks
01:54 Barracks
01:59 Scout Tower
02:36 Arcane Tower
02:37 Arcane Tower
02:37 Arcane Tower
02:47 Farm
03:20 Lumber Mill
04:02 Farm
04:37 Farm
05:18 Arcane Vault
05:37 Farm
06:08 Keep
06:08 Keep
06:08 Keep
07:34 Farm
07:47 Town Hall
09:04 Workshop
10:27 Workshop
11:48 Scout Tower
11:50 Scout Tower
12:58 Town Hall
13:03 Arcane Tower
13:04 Arcane Tower
13:04 Arcane Tower
14:06 Guard Tower
14:06 Guard Tower
15:05 Scout Tower
15:06 Scout Tower
15:08 Scout Tower
15:29 Castle
15:29 Castle
16:22 Town Hall
16:24 Scout Tower
16:28 Arcane Sanctum
16:32 Scout Tower
16:35 Scout Tower
16:49 Scout Tower
16:51 Scout Tower
16:53 Scout Tower
16:58 Guard Tower
16:59 Guard Tower
16:59 Guard Tower
17:00 Arcane Tower
17:00 Arcane Tower
17:01 Arcane Tower
17:02 Arcane Tower
17:02 Arcane Tower
17:02 Arcane Tower
17:20 Guard Tower
17:21 Guard Tower
17:21 Guard Tower
17:24 Guard Tower
17:24 Guard Tower
17:24 Guard Tower
17:38 Scout Tower
17:39 Scout Tower
17:40 Scout Tower
18:04 Guard Tower
18:06 Guard Tower
18:07 Guard Tower
18:08 Scout Tower
18:09 Scout Tower
18:29 Guard Tower
18:29 Guard Tower
19:19 Guard Tower
19:20 Guard Tower
19:28 Scout Tower
19:30 Scout Tower
19:31 Scout Tower
20:12 Guard Tower
20:13 Scout Tower
20:14 Scout Tower
20:15 Scout Tower
20:18 Scout Tower
20:43 Guard Tower
20:43 Guard Tower
20:58 Scout Tower
20:59 Scout Tower
21:03 Scout Tower
21:04 Scout Tower
21:32 Guard Tower
21:49 Scout Tower
21:53 Scout Tower
21:54 Scout Tower
21:57 Scout Tower
21:58 Scout Tower
22:05 Scout Tower
22:07 Guard Tower
22:08 Guard Tower
22:08 Guard Tower
22:21 Arcane Tower
22:21 Arcane Tower
22:25 Guard Tower
22:25 Guard Tower
22:25 Guard Tower
22:27 Scout Tower
22:42 Farm
22:45 Farm
22:47 Farm
22:49 Farm
22:51 Farm
22:51 Guard Tower
22:52 Guard Tower
22:53 Guard Tower
22:53 Guard Tower
23:06 Guard Tower
23:07 Scout Tower
23:19 Scout Tower
23:20 Scout Tower
23:21 Scout Tower
23:22 Scout Tower
23:26 Scout Tower
23:46 Scout Tower
23:48 Scout Tower
23:49 Arcane Tower
24:07 Guard Tower
24:07 Guard Tower
24:08 Guard Tower
24:08 Scout Tower
24:10 Scout Tower
24:12 Scout Tower
24:18 Guard Tower
24:18 Guard Tower
24:49 Arcane Tower
24:49 Arcane Tower
24:49 Arcane Tower
24:53 Scout Tower
24:54 Scout Tower
25:13 Scout Tower
25:14 Scout Tower
25:15 Scout Tower
25:16 Scout Tower
25:19 Scout Tower
25:20 Scout Tower
25:22 Scout Tower
25:22 Guard Tower
25:24 Scout Tower
26:03 Arcane Tower
26:03 Arcane Tower
26:42 Scout Tower
26:44 Scout Tower
26:46 Scout Tower
26:48 Scout Tower
26:49 Scout Tower
26:51 Scout Tower
26:52 Scout Tower
26:53 Scout Tower
26:56 Scout Tower
26:57 Scout Tower
27:02 Scout Tower
27:10 Scout Tower
27:12 Scout Tower
27:13 Guard Tower
27:15 Scout Tower
27:16 Guard Tower
27:16 Guard Tower
27:16 Guard Tower
27:17 Guard Tower
27:17 Guard Tower
27:17 Guard Tower
27:18 Guard Tower
27:19 Scout Tower
27:20 Scout Tower
27:22 Scout Tower
27:32 Guard Tower
27:32 Guard Tower
27:41 Arcane Tower
27:42 Arcane Tower
27:42 Arcane Tower
27:47 Arcane Tower
27:47 Arcane Tower
27:48 Arcane Tower
29:04 Scout Tower
29:10 Scout Tower
29:18 Scout Tower
29:21 Scout Tower
29:26 Scout Tower
29:29 Scout Tower
29:32 Scout Tower
29:34 Scout Tower
29:38 Guard Tower
29:38 Guard Tower
29:39 Scout Tower
29:43 Scout Tower
29:45 Scout Tower
29:54 Scout Tower
29:55 Guard Tower
29:55 Guard Tower
29:55 Guard Tower
29:58 Scout Tower
30:00 Scout Tower
30:04 Guard Tower
30:04 Guard Tower
30:05 Arcane Tower
30:06 Arcane Tower
30:06 Arcane Tower
30:10 Scout Tower
30:14 Scout Tower
30:45 Arcane Tower
30:56 Scout Tower
30:58 Scout Tower
30:59 Scout Tower
31:45 Scout Tower
31:46 Scout Tower
31:48 Scout Tower
31:49 Scout Tower
31:51 Scout Tower
31:55 Scout Tower
31:56 Scout Tower
31:57 Scout Tower
31:58 Scout Tower
31:59 Scout Tower
32:00 Scout Tower
32:04 Scout Tower
32:05 Scout Tower
32:07 Scout Tower
32:07 Scout Tower
32:11 Scout Tower
32:12 Scout Tower
32:15 Scout Tower
32:17 Scout Tower
32:31 Scout Tower
32:39 Arcane Tower
32:40 Guard Tower
32:41 Arcane Tower
32:41 Guard Tower
32:45 Scout Tower
32:47 Scout Tower
33:17 Guard Tower
33:19 Arcane Tower
34:18 Arcane Tower
52:58 Gryphon Aviary
53:00 Gryphon Aviary
53:02 Gryphon Aviary
» items
                
                | Scroll of Town Portal | 1 |  | 
| Potion of Healing | 1 |  | 
| Potion of Lesser Invulnerability | 2 |  | 
| Boots of Speed | 1 |  | 
| Staff of Teleportation | 1 |  | 
                6 total
  
                Chat log
          
(01:00 / Allies) SPOOON: yeah I hate when I have to tower near creeps
(01:38 / Allies) MrFrosty: and try not to creep with me
(01:42 / Allies) MrFrosty: as i need lots of exp
(02:00 / Allies) SPOOON: wisp scout
(02:00 / All) kunt.roII: so whats it like
(02:01 / Allies) MrFrosty: yo towers dont need lumber mills right
(02:03 / All) kunt.roII: working for blizzard
(03:12 / Allies) SPOOON: f u
(04:18 / Allies) SPOOON: shop so slow
(04:54 / Allies) SPOOON: what the
(05:13 / Allies) SPOOON: he must have had wards
(09:23 / Allies) SPOOON: ugh
(09:39 / Allies) SPOOON: bats a comin
(09:41 / Allies) SPOOON: but I must expo
(10:09 / Allies) SPOOON: think I saw a flare
(15:38 / Allies) SPOOON: hu tower at my base?
(16:27 / All) kunt.roII: you can leave now
(16:30 / All) kunt.roII: ill understand
(19:52 / All) kunt.roII: TT
(19:55 / All) Saldaga: lol
(20:46 / Allies) SPOOON: chims
(27:11 / All) MrFrosty: yo youre mk vcant harvest trees sorry
(28:28 / Allies) SPOOON: can hawk/bat
(28:30 / Allies) SPOOON: if anyone wants
(28:41 / All) kunt.roII: yo
(28:47 / All) kunt.roII: u need to learn to place ur towers better
(28:57 / All) Saldaga: you really need to learn to shut up
(28:59 / All) Saldaga: you talk too much
(29:02 / All) kunt.roII:  ?
(29:08 / All) kunt.roII: just trying to be helpful
(29:14 / All) Saldaga: thnx
(31:54 / Allies) SPOOON: imo bat again
(31:56 / Allies) SPOOON: it was the elf
(32:09 / Allies) SPOOON: didn't see any others
(34:09 / All) Saldaga: can you guys be nice and leave?
(34:16 / All) kunt.roII: why
(34:17 / All) MrFrosty: yeah that was a terrible fight for us
(34:20 / All) kunt.roII: would we leave
(34:20 / All) MrFrosty: 2 wyrms 2 heroes
(34:35 / All) MrFrosty: ps. i have 15k left
(34:41 / All) Saldaga: i got 25k
(34:45 / All) Saldaga: ne has over 30k
(34:47 / All) kunt.roII: have fun burning thru 25k of towers
(35:20 / Allies) SPOOON: you lagged but not out
(35:23 / Allies) SPOOON: you are very much in
(36:33 / Allies) SPOOON: need about 500 xp to bladestorm
(36:47 / All) Saldaga: is win that important
(36:54 / Allies) SPOOON: lotta xp for a lotta bladestormin
(36:55 / All) kunt.roII: what
(36:55 / All) MrFrosty: im enjoying this
(37:00 / All) kunt.roII: i play to lose
(37:02 / All) kunt.roII: you cant tell?
(37:13 / All) kunt.roII: lol ur really that bad xD
(38:07 / Allies) SPOOON: isn't it glorious
(38:18 / All) MrFrosty: yes i have towers tehre TOO
(38:31 / All) Saldaga: come on just leave
(38:37 / All) kunt.roII:  ? ?
(38:41 / All) MrFrosty: i normally dont leave games im going to win
(38:42 / All) Saldaga: i have to go soon
(38:50 / All) kunt.roII: i obviously cafre
(39:25 / Allies) SPOOON: should find the wandering elf heroes
(40:01 / All) MrFrosty: oh
(41:44 / All) MrFrosty: sorry for your loss
(42:06 / All) Saldaga: who said were leaving
(42:11 / All) Saldaga: or even losing
(42:14 / All) kunt.roII: i didnt say u were leaving
(42:17 / All) MrFrosty: you're losing
(42:26 / All) kunt.roII: you have already lost
(42:31 / All) kunt.roII: cuz u hate playing like this :)
(43:03 / All) MrFrosty: you're already bored and doing stupid things and the game hasn't even started yet
(43:16 / All) BIizzardRep: i know thats what im trying to tell blue
(43:26 / All) MrFrosty: you should just ban him
(43:28 / All) dHb[SeXy]: WHAHAH
(43:29 / All) BIizzardRep: you guys must each ahve 15k?
(43:36 / All) kunt.roII: i havent spent like anything
(43:39 / All) kunt.roII: just a few towers
(43:42 / All) kunt.roII: and some circlets
(43:59 / All) BIizzardRep: bluje spent all gold
(44:07 / All) kunt.roII: im sure u got plenty to give to him
(44:24 / All) dHb[SeXy]: BAHAHA
(44:39 / All) BIizzardRep: trust me
(44:46 / All) BIizzardRep: when they start spending their gold
(44:48 / All) BIizzardRep: you will see
(44:56 / All) kunt.roII: whos they
(47:11 / Allies) SPOOON: 300 xp to bladestorm
(47:12 / All) Saldaga: when are you guys gnna leave
(47:18 / All) SPOOON: after you
(47:19 / All) Saldaga: just end it right now if you can
(47:23 / All) MrFrosty: probably once victory appears on my screen
(47:26 / All) MrFrosty: i like long games
(47:31 / All) kunt.roII: i dunno im having fun :)
(47:33 / All) BIizzardRep: i love long games
(47:35 / All) Saldaga: did you do this with all your games?
(47:36 / All) BIizzardRep: look at my ffa score
(47:39 / All) Saldaga: i love long games as well
(47:40 / All) BIizzardRep: i usually win long games too
(47:41 / All) SPOOON: why would we end such a wonderful game
(47:49 / All) kunt.roII: usually 
(47:50 / All) kunt.roII: key word
(48:14 / All) Saldaga: frosy you play like this with all your games?
(48:20 / All) MrFrosty: win them?
(48:20 / All) MrFrosty: yes
(49:46 / All) dHb[SeXy]: d
(49:46 / All) dHb[SeXy]: d
(49:54 / Allies) SPOOON: why is my internet freaking out
(50:10 / All) Saldaga: lol frosty youre 50%?
(50:18 / All) MrFrosty: original account
(50:26 / All) Saldaga: sure thats what everyone says
(50:39 / All) MrFrosty: ballsinmymouth oyoyeh ashamefulniggr
(50:47 / All) MrFrosty: all 80% or something
(51:37 / Allies) kunt.roII: tt
(53:07 / All) kunt.roII: how much do spirit towers cost again
(53:11 / All) kunt.roII: 300 gold?
(53:15 / All) dHb[SeXy]: !)))))0
(53:19 / All) Saldaga: stop talking 
(53:22 / All) Saldaga: youre ruining the fun
(53:24 / All) MrFrosty: stop losing
(54:10 / All) Saldaga: wow these guys are all 50%
(54:15 / All) kunt.roII: wow!
(54:18 / All) SPOOON: and you're still losing
(54:23 / All) MrFrosty: pretty embarrassing how badly you're getting stomped
(54:28 / All) Saldaga: i still dont get how were losing
(54:32 / All) MrFrosty: you have honestly achieved nothing in this game
(54:35 / All) SPOOON: because you're bad at this game
(54:38 / All) kunt.roII: that mean nothing xD
(54:45 / All) BIizzardRep: my allies didnt know what to do vs this
(54:53 / All) Saldaga: its so funny how you guys are just staring at the screen
(54:58 / All) MrFrosty: heres  tip: quit
(54:59 / All) kunt.roII: i 
(55:02 / All) Saldaga: have you guys ever been outside before
(55:16 / All) kunt.roII:   ? ?
(55:58 / All) kunt.roII: dude
(56:02 / All) kunt.roII: i got like 300 apm"
(56:06 / All) kunt.roII: staring at keyboard to keep this up
(56:09 / All) Saldaga: youre also 50%
(56:14 / All) Saldaga: what good is that
(56:18 / All) kunt.roII: 50
(56:19 / All) kunt.roII: %
(56:20 / All) kunt.roII: !!!!
(57:04 / All) MrFrosty: if it makes you feel any better you can check this season's records for a more accurate picture
(59:35 / All) kunt.roII: haha
(59:55 / Allies) kunt.roII: tttt
(59:56 / All) Saldaga: haha
(60:00 / All) kunt.roII: o noes
(60:08 / All) MrFrosty: ugh! only a hero and 3 bears for another hero
(60:15 / All) Saldaga: yea you should totally leave now
(60:19 / All) kunt.roII: nah
(60:20 / All) Saldaga: w.e imma go afk now
(60:22 / All) Saldaga: gtetting boring
(60:23 / All) kunt.roII: alright
(60:24 / All) kunt.roII: c u
(60:26 / All) MrFrosty: ok cool
(60:27 / All) kunt.roII: haha
(60:30 / All) kunt.roII: "getting boring"
(60:38 / Allies) kunt.roII: 1 hour later...
(61:07 / All) MrFrosty: tier 1 units are def. the solution to the problem you are facing blue
(62:14 / Allies) SPOOON: meh
(64:17 / All) BIizzardRep: haha gg
(64:20 / All) MrFrosty: sorry for your loss
(65:46 / All) BIizzardRep: my allies had no idea how to play this at all
(65:51 / All) kunt.roII: i could tell
(66:01 / All) SPOOON: good thing it was your allies and not you
(66:14 / All) BIizzardRep: well in reality it was
(70:56 / All) kunt.roII: lolol
(70:59 / All) kunt.roII: too many units
(73:16 / Allies) SPOOON: dispell faerie fire
(73:45 / All) BIizzardRep: haha
(73:45 / All) BIizzardRep: gg
(73:47 / All) MrFrosty: i lost 2 gyros
(73:48 / All) kunt.roII: haha!
(73:57 / All) BIizzardRep: stupid newb allies :(
(74:07 / All) BIizzardRep: howmuch gold did you all have?
(74:10 / All) MrFrosty: way to play with them
(74:11 / All) kunt.roII: 20000
(74:18 / All) BIizzardRep: 20k?
(74:18 / All) MrFrosty: 5.8k left 95 food
(74:21 / All) BIizzardRep: less than me
(74:34 / All) BIizzardRep: we were on 25k me, 17k teal and 1k blue
(74:36 / All) BIizzardRep: blue was fucking retarded
(74:44 / All) MrFrosty: way to play with noob teammates
(74:50 / All) kunt.roII: blame allies
(74:52 / All) kunt.roII: let me guess
(74:53 / All) kunt.roII: u play dota
(74:57 / All) BIizzardRep: no
(75:02 / All) BIizzardRep: im like a top solo player
(75:06 / All) BIizzardRep: probably te best on west
(75:13 / All) BIizzardRep: aka gosu4u[ap]
(75:21 / All) kunt.roII: hahah ur bad
(75:32 / All) BIizzardRep: i would domninate you
(75:34 / Allies) SPOOON: this guy needs cockaaa'd
(75:42 / All) MrFrosty: sorry to dissapoint but ive beaten you in solo
(75:43 / All) kunt.roII: 1v1?
(75:49 / All) BIizzardRep: yea ill 1v1
(75:52 / All) BIizzardRep: no you havent frosty
(75:53 / All) BIizzardRep: you lost
(75:59 / All) BIizzardRep: to me only using 3 heroes
(76:05 / All) BIizzardRep: on tr
(76:05 / All) kunt.roII: lol
(76:09 / All) kunt.roII: you dont even know lmao
(76:13 / All) BIizzardRep: i still have the replay
(76:17 / All) kunt.roII: hahahahah
(76:22 / All) BIizzardRep: cuase how funny it was
(76:22 / All) kunt.roII: printed out screen shot
(76:24 / All) kunt.roII: framed it
(76:38 / All) BIizzardRep: i saved it because i won only using heroes
(76:45 / All) kunt.roII: nice
(76:54 / All) kunt.roII: kidna like how im saving this bc i  won using only heroes
(77:10 / All) BIizzardRep: beat my allies
(77:11 / All) BIizzardRep: more like it
(77:15 / All) MrFrosty: you picked them
(78:01 / Allies) SPOOON: clearly he just had the wrong blend
(78:06 / All) BIizzardRep: someone try beat me 1v1
(78:18 / All) kunt.roII: yeah ok
(78:20 / All) kunt.roII: leave noob
(78:53 / All) BIizzardRep: fight my final army of despiar
(78:56 / All) BIizzardRep: despair
(79:03 / All) kunt.roII: id rather go afk behind towers
(79:58 / Allies) SPOOON: 4 more bats incoming
(81:00 / All) kunt.roII: dang that was hard
(81:01 / All) MrFrosty: wow close fight!
(81:04 / All) BIizzardRep: lol
(81:07 / All) BIizzardRep: wat you expect?
(81:10 / All) kunt.roII: u to quit